 Dungeon Crawl Stone Soup version 0.30-a0-777-ga9a30cbeda (webtiles) character file.

Game seed: 7413802250182429850

1325 Smoke131 the Chucker (level 8, -1/72 (75) HPs)
             Began as an Ogre Gladiator on Feb 15, 2023.
             Slain by Maggie
             ... wielding a +1 halberd of draining
              (7 damage)
             ... on level 7 of the Dungeon.
             The game lasted 00:28:39 (8515 turns).

Smoke131 the Chucker (Ogre Gladiator)               Turns: 8515, Time: 00:28:40

HP:   -1/72 (75)    AC:  6    Str: 17    XL:     8   Next: 60%
MP:   15/15         EV: 10    Int:  9    God:
Gold: 218           SH:  0    Dex: 12    Spells: 15/17 levels left

rFire   . . .      SeeInvis .    z - +1 short sword (elec)
rCold   . . .      Faith    .    (no shield)
rNeg    . . .      Spirit   .    b - +0 robe
rPois   +          Reflect  .    B - +1 hat
rElec   .          Harm     .    r - +1 cloak
rCorr   .          Rampage  .    (gloves unavailable)
Will    .....                    (boots unavailable)
Stlth   +                        (no amulet)
HPRegen 0.32/turn                (no ring)
MPRegen 0.14/turn                (no ring)

@: mesmerised, lightly drained
A: large, unfitting armour, tough skin 1, poison resistance, weak 1
a: no special abilities


You were on level 7 of the Dungeon.
You visited 1 branch of the dungeon, and saw 7 of its levels.

You collected 327 gold pieces.
You spent 109 gold pieces at shops.

Inventory:

Hand Weapons
 a - a +0 trident of flaming
 z - a +1 short sword of electrocution (weapon)
Missiles
 g - 39 stones
 h - 8 boomerangs (quivered)
 y - 8 curare-tipped darts
Armour
 b - a +0 robe (worn)
 l - a scarf of repulsion
 r - a +1 cloak (worn)
 B - a +1 hat (worn)
Jewellery
 f - a ring of ice
 s - a ring of wizardry
Wands
 j - a wand of digging (5)
Scrolls
 i - 2 scrolls of identify
 k - a scroll of enchant armour
Potions
 c - 2 potions of brilliance
 m - a potion of might


   Skills:
 - Level 3.0 Fighting
 - Level 3.0 Polearms
 + Level 7.7 Throwing
 - Level 3.0 Dodging
 - Level 5.0 Spellcasting
 + Level 4.0 Earth Magic


You had 15 spell levels left.
You knew the following spells:

 Your Spells              Type           Power      Damage    Failure   Level
a - Passwall              Tmut/Erth      4%         N/A       16%         2

Your spell library contained the following spells:

 Spells                   Type           Power      Damage    Failure   Level
 Sandblast                Erth           18%        2d7       4%          1
 Stone Arrow              Conj/Erth      10%        3d7       32%         3
 Ensorcelled Hibernation  Hex/Ice        4%         N/A       36%         2
 Spider Form              Tmut/Pois      2%         N/A       58%         3
 Swiftness                Air            2%         N/A       58%         3
 Anguish                  Hex/Necr       1%         N/A       94%         4


Dungeon Overview and Level Annotations

Branches:
Dungeon (7/15)
 Temple: D:4-7

Altars:
Cheibriados
Elyvilon
Kikubaaqudgha
Nemelex Xobeh
Qazlal
Uskayaw
Vehumet
Wu Jian
Zin
The Shining One

Shops:
D:2 [   D:4 *

Annotations:
D:7 Maggie


Innate Abilities, Weirdness & Mutations

You are too large for most types of armour.
You have tough skin. (AC +1)
Your system is resistant to poisons. (rPois)
You are weak. (Str -2)


Message History

Maggie is severely wounded.
Maggie gestures at you while chanting. The bolt of fire hits you!!
Throw: 8 boomerangs
Press: ? - help, Q - select action, (/) - cycle Shift-Dir - straight line, f/p - Maggie
Aim: Maggie, wielding a +1 halberd of draining, wearing +0 swamp dragon scales and carrying a wand of digging (7) (severely wounded, 65% to hit)
You throw a boomerang. The boomerang hits Maggie!
Maggie is almost dead.
Maggie hits you from afar with a +1 halberd of draining!
* * * LOW HITPOINT WARNING * * *
You feel drained.
* * * LOW HITPOINT WARNING * * *
Throw: 8 boomerangs
Press: ? - help, Q - select action, (/) - cycle Shift-Dir - straight line, f/p - Maggie
Aim: Maggie, wielding a +1 halberd of draining, wearing +0 swamp dragon scales and carrying a wand of digging (7) (almost dead, 65% to hit)
You throw a boomerang. The boomerang hits Maggie.
Maggie is almost dead.
Maggie misses you.
Throw: 8 boomerangs
Press: ? - help, Q - select action, (/) - cycle Shift-Dir - straight line, f/p - Maggie
Aim: Maggie, wielding a +1 halberd of draining, wearing +0 swamp dragon scales and carrying a wand of digging (7) (almost dead, 65% to hit)
You throw a boomerang. The boomerang barely misses Maggie.
Maggie gestures wildly while chanting.
Maggie attempts to bespell you!
You are mesmerised by Maggie!
Throw: 8 boomerangs
Press: ? - help, Q - select action, (/) - cycle Shift-Dir - straight line, f/p - Maggie
Aim: Maggie, wielding a +1 halberd of draining, wearing +0 swamp dragon scales and carrying a wand of digging (7) (almost dead, mesmerising, 65% to hit)
You throw a boomerang. The boomerang hits Maggie.
Maggie is almost dead.
Maggie casts a spell at you. The bolt of fire hits you!
* * * LOW HITPOINT WARNING * * *
Throw: 8 boomerangs
Press: ? - help, Q - select action, (/) - cycle Shift-Dir - straight line, f/p - Maggie
Aim: Maggie, wielding a +1 halberd of draining, wearing +0 swamp dragon scales and carrying a wand of digging (7) (almost dead, mesmerising, 65% to hit)
You throw a boomerang. The boomerang hits Maggie.
Maggie is almost dead.
Maggie hits you from afar with a +1 halberd of draining!
You die...

#### #.#
..# #.# #.#
#.#
####.###.#
#
#...^....#
##.
#.##.#####
##...#. #.#
#......##.#
#...@.@..#
(......####
###.### #


You could see Maggie (mesmerising).

Vanquished Creatures
  A water moccasin (D:3)
  An ice beast (D:6)
  A black bear (D:6)
  An ogre (D:4)
  A centaur (D:6)
  A necrophage (D:5)
  4 scorpions
  2 jellies
  An orc priest (D:5)
  2 gnoll boudas
  An iguana (D:3)
  4 orc wizards
  10 adders
  5 gnolls
  2 white imps
  A worm (D:3)
  3 dart slugs
  31 orcs
  9 ball pythons
  10 endoplasms
  4 giant cockroaches
  5 goblins
  7 hobgoblins
  6 kobolds
  2 quokkas
  3 bats
  6 frilled lizards
  3 rats
127 creatures vanquished.

Vanquished Creatures (others)
  7 fungi (D:2)
  7 plants (D:2)
14 creatures vanquished.

Grand Total: 141 creatures vanquished

Notes
Turn   | Place    | Note
-------+----------+-------------------------------------------
     0 | D:1      | Smoke131 the Ogre Gladiator began the quest for the Orb.
     0 | D:1      | Reached XP level 1. HP: 22/22 MP: 1/1
   151 | D:1      | Reached XP level 2. HP: 31/31 MP: 2/2
   343 | D:1      | Reached XP level 3. HP: 24/37 MP: 3/3
   348 | D:1      | Reached skill level 3 in Throwing
  1068 | D:2      | Found a radiant altar of Vehumet.
  1079 | D:2      | Reached XP level 4. HP: 38/45 MP: 4/4
  1187 | D:2      | Reached skill level 4 in Throwing
  1335 | D:2      | Found a faded altar of an unknown god.
  1424 | D:2      | Found Gygaschu's Antique Armour Boutique.
  1848 | D:3      | Learned a level 2 spell: Passwall
  2024 | D:3      | Gained mutation: Your mind is acute. (Int +4, Str/Dex -1)
                  | [potion of mutation]
  2024 | D:3      | Gained mutation: You have sharp toenails. [potion of
                  | mutation]
  2024 | D:3      | Gained mutation: You possess an exceptional clarity of
                  | mind. [potion of mutation]
  2142 | D:3      | Lost mutation: Your mind is acute. (Int +4, Str/Dex -1)
                  | [potion of mutation]
  2142 | D:3      | Lost mutation: You have sharp toenails. [potion of
                  | mutation]
  2142 | D:3      | Lost mutation: You possess an exceptional clarity of mind.
                  | [potion of mutation]
  2142 | D:3      | Gained mutation: You are clumsy. (Dex -2) [potion of
                  | mutation]
  2142 | D:3      | Gained mutation: You possess an exceptional clarity of
                  | mind. [potion of mutation]
  2143 | D:3      | Lost mutation: You are clumsy. (Dex -2) [potion of
                  | mutation]
  2143 | D:3      | Lost mutation: You possess an exceptional clarity of mind.
                  | [potion of mutation]
  2143 | D:3      | Gained mutation: You are weak. (Str -2) [potion of
                  | mutation]
  2143 | D:3      | Gained mutation: Your system is resistant to poisons.
                  | (rPois) [potion of mutation]
  2308 | D:3      | Reached skill level 1 in Spellcasting
  2320 | D:3      | Found a glowing silver altar of Zin.
  2812 | D:4      | Reached XP level 5. HP: 53/53 MP: 5/7
  2909 | D:4      | Found Nosatzal's Serpentskin Sales.
  2909 | D:4      | Noticed a water moccasin
  2909 | D:4      | Noticed a water moccasin
  2945 | D:3      | Killed a water moccasin
  2946 | D:3      | Reached skill level 5 in Throwing
  2946 | D:3      | Reached XP level 6. HP: 5/61 MP: 7/10
  3240 | D:4      | Found an ornate altar of the Wu Jian Council.
  3266 | D:4      | Bought 2 curare-tipped darts for 31 gold pieces
  3266 | D:4      | Bought 5 curare-tipped darts for 78 gold pieces
  3713 | D:4      | Found a snail-covered altar of Cheibriados.
  4280 | D:4      | Found a stormy altar of Qazlal.
  4587 | D:5      | Entered Level 5 of the Dungeon
  4652 | D:5      | Reached XP level 7. HP: 27/67 MP: 13/13
  4951 | D:4      | Reached skill level 6 in Throwing
  5473 | D:5      | Found a sparkling altar of Nemelex Xobeh.
  5558 | D:5      | Found a glowing golden altar of the Shining One.
  5695 | D:5      | Reached skill level 5 in Spellcasting
  5695 | D:5      | Reached skill level 1 in Earth Magic
  6142 | D:6      | Found an ancient bone altar of Kikubaaqudgha.
  6594 | D:6      | Reached XP level 8. HP: 7/75 MP: 15/15
  6594 | D:6      | HP: 2/75 [orc/+0 trident (6)]
  6642 | D:5      | HP: 2/75 [orc/+0 club (2)]
  7078 | D:6      | Reached skill level 7 in Throwing
  7880 | D:6      | Found a hide-covered altar of Uskayaw.
  8011 | D:7      | Noticed a brown ugly thing
  8233 | D:7      | Found a white marble altar of Elyvilon.
  8500 | D:7      | Noticed Maggie
  8515 | D:7      | Slain by Maggie

Illustrated notes

Levels and vault maps discovered:
D:1:      minmay_arrival_split_and_join, layout_basic
D:2:      layout_basic, serial_shops, nicolae_shop_behind_doors,
          shapermc_ecumenical_altar_mp_urbaneastern, basic_altar
D:3:      layout_rooms, zin_scriptorium
D:4:      layout_cave_pods, grunt_qazlal_clouds, lemuel_round_altar,
          kennysheep_little_box, guppyfry_shop_venom
D:5:      layout_rooms, nemelex_diamond_rough_becter,
          mainiacjoe_overflow_brackets, kennysheep_generic_room_14
D:6:      layout_basic, marbit_many_paths, nicolae_kikubaaqudgha_miasma_corner,
          amcnicky_mini_rare_corridor_liquid
D:7:      minmay_clustersquares, layout_loops_corners,
          mainiacjoe_overflow_concentric_impassable, temple_fountains,
          uniq_menkaure, uniq_maggie, uniq_prince_ribbit1

Skill      XL: |  1  2  3  4  5  6  7  8 |
---------------+-------------------------+-----
Fighting       | 3 |  3.0
Dodging        | 3 |  3.0
Throwing       | 3 4 5 6 7 |  7.7
Spellcasting   | 1 2 4 5 |  5.0
Earth Magic    | 2 4 |  4.0
Polearms       | |  3.0

Action                     |  1- 3 |  4- 6 |  7- 9 || total
---------------------------+-------+-------+-------++-------
  Melee: Trident           |    87 |    61 |       ||   148
         Punch             |     1 |     2 |     4 ||     7
         Short sword       |       |   175 |   227 ||   402
         Kick              |       |     2 |       ||     2
  Throw: Stone             |     6 |     4 |    12 ||    22
         Large rock        |       |     4 |     3 ||     7
         Throwing net      |       |     4 |     2 ||     6
         Dart              |       |    14 |     3 ||    17
         Boomerang         |       |       |    40 ||    40
   Cast: Passwall          |       |       |     1 ||     1
  Evoke: Wand              |       |       |     1 ||     1
    Use: Potion            |       |    11 |     2 ||    13
         Scroll            |       |    13 |     2 ||    15
   Stab: Sleeping          |     2 |       |       ||     2
 Armour: Robe              |    30 |    88 |    81 ||   199
  Dodge: Dodged            |    45 |   134 |   133 ||   312

Table legend: (Time is in decaauts)
 A = Elapsed time spent in this place.
 B = Non-inter-level travel time spent in this place.
 C = Inter-level travel time spent in this place.
 D = Time resting spent in this place.
 E = Time spent auto-exploring this place.
 F = Levels seen in this place.
 G = Mean time per level.
                   A        B        C        D        E       F      G
               +--------+--------+--------+--------+--------+-----+--------+
         Total |   8522 |   8475 |     47 |   2130 |   3854 |   7 | 1217.4 |
       Dungeon |   8522 |   8475 |     47 |   2130 |   3854 |   7 | 1217.4 |
               +--------+--------+--------+--------+--------+-----+--------+

Top non-repeatable levels by time:
     D:6: 1906 daAuts
     D:3: 1806 daAuts
     D:4: 1534 daAuts
     D:5: 1113 daAuts
     D:2: 1052 daAuts
     D:1: 794 daAuts
     D:7: 314 daAuts
